 Dungeon Crawl Stone Soup version 0.22.1 (webtiles) character file.

205 IceCat the Ruffian (level 5, -2/40 HPs)
             Began as a Draconian Transmuter on Sept 18, 2018.
             Slain by Grinder (7 damage)
             ... while paralysed by Grinder
             ... on level 3 of the Dungeon.
             The game lasted 00:07:15 (2838 turns).

IceCat the Ruffian (Draconian Transmuter)           Turns: 2838, Time: 00:07:16

Health: -2/40      AC:  6    Str: 13    XL:     5   Next: 52%
Magic:  9/9        EV:  2    Int: 14    God:
Gold:   118        SH:  0    Dex: 11    Spells: 7/10 levels left

rFire    . . .     SeeInvis .     - Unarmed
rCold    . . .     Gourm    .   (no shield)
rNeg     . . .     Faith    .   (armour unavailable)
rPois    .         Spirit   .   (helmet restricted)
rElec    .         Reflect  .   (no cloak)
rCorr    .         Harm     .   (no gloves)
MR       .....                  o - +0 pair of boots
Stlth    +.........             m - amulet of regeneration
HPRegen  0.53/turn              (no ring)
MPRegen  0.11/turn              (no ring)

@: paralysed, appendage, hasted
A: unfitting armour, horns 2, cold-blooded, AC +5
a: End Transformation


You were on level 3 of the Dungeon.
You were not hungry.
You had grown temporary horns.
You visited 1 branch of the dungeon, and saw 3 of its levels.

You collected 118 gold pieces.

Inventory:

Missiles
 a - 37 arrows
 l - 6 javelins of returning (quivered)
Armour
 o - a +0 pair of boots (worn)
Jewellery
 m - an amulet of regeneration (around neck)
Scrolls
 b - 3 scrolls of teleportation {unknown}
 e - 2 scrolls of identify
 f - a scroll of fog {unknown}
 g - a scroll of noise {unknown}
 p - a scroll of magic mapping {unknown}
 r - a scroll of enchant weapon {unknown}
Potions
 d - 2 potions of lignification {unknown}
 h - a potion of invisibility {unknown}
 i - a potion of curing {unknown}
 j - a potion of haste {unknown}
 n - a potion of heal wounds {unknown}
 q - a potion of degeneration {unknown}
Comestibles
 c - 2 rations


   Skills:
 + Level 1.4 Fighting
 + Level 2.7 Dodging
 + Level 4.4 Unarmed Combat
 * Level 3.0 Spellcasting
 * Level 3.2 Transmutations


You had 7 spell levels left.
You knew the following spells:

 Your Spells              Type           Power        Failure   Level  Hunger
a - Beastly Appendage     Tmut           ##....       6%          1    #......
b - Sticks to Snakes      Tmut           ##......     9%          2    ##.....

Your spell library contained the following spells:

 Spells                   Type           Power        Failure   Level  Hunger
 Spider Form              Tmut/Pois      #.........   32%         3    ###....
 Ice Form                 Ice/Tmut       #.......     73%         4    #####..
 Blade Hands              Tmut           ##........   85%         5    ######.


Dungeon Overview and Level Annotations

Branches:
Dungeon (3/15)

Altars:

Annotations:
D:3 Crazy Yiuf, Grinder


Innate Abilities, Weirdness & Mutations

Your plain brown scales are hard. (AC +5)
You cannot fit into any form of body armour.
You are cold-blooded and may be slowed by cold attacks.
You have a pair of horns on your head.


Message History

Crazy Yiuf is almost dead.
You barely miss Crazy Yiuf.
Crazy Yiuf is almost dead.
Crazy Yiuf barely misses you. Grinder gestures at you.
You suddenly lose the ability to move!
Crazy Yiuf hits you with a quarterstaff of chaos!
* * * LOW HITPOINT WARNING * * *
Crazy Yiuf draws strength from your wounds!
Crazy Yiuf barely misses you. Grinder gestures at you.
You shrug off the repeated paralysis!
Crazy Yiuf completely misses you. Grinder hits you.
* * * LOW HITPOINT WARNING * * *
You writhe in agony.
* * * LOW HITPOINT WARNING * * *
Crazy Yiuf completely misses you. Grinder hits you!
You die...

#### ♣♣######### #)..#♣♣
♣♣.........#
#..g@5♣♣♣♣P.........#
#...#♣..♣...........# ####
♣♣♣.♣....#......
♣♣♣♣♣###.....# #.....#
########### #.....#
#...#.#...# #####.#
########...#.#...###########.#
..............†...............


You could see Grinder and Crazy Yiuf.

Vanquished Creatures
  Terence (D:2)
  6 gnolls (D:2)
  3 adders (D:2)
  2 oozes
  2 worms
  4 dart slugs
  A leopard gecko (D:2)
  4 orcs (D:3)
  A ball python (D:2)
  10 bats
  2 giant cockroaches (D:1)
  3 goblins
  7 hobgoblins
  11 jackals
  2 quokkas
  A frilled lizard (D:1)
  6 kobolds
  5 rats
71 creatures vanquished.

Notes
Turn   | Place    | Note
-------+----------+-------------------------------------------
     0 | D:1      | IceCat the Draconian Transmuter began the quest for the
                  | Orb.
     0 | D:1      | Reached XP level 1. HP: 16/16 MP: 3/3
   146 | D:1      | Reached XP level 2. HP: 8/23 MP: 3/5
   152 | D:1      | HP: 1/23 [hobgoblin/club (3)]
   800 | D:1      | Reached XP level 3. HP: 28/28 MP: 6/6
  1113 | D:2      | Learned a level 2 spell: Sticks to Snakes
  1447 | D:2      | Noticed Terence
  1502 | D:2      | Killed Terence
  1502 | D:2      | Reached XP level 4. HP: 25/35 MP: 3/7
  1565 | D:2      | Reached skill level 4 in Unarmed Combat
  1775 | D:2      | Reached XP level 5. HP: 31/40 MP: 9/9
  2485 | D:3      | Noticed Grinder
  2819 | D:3      | Found a runed door.
  2824 | D:3      | Noticed Crazy Yiuf
  2833 | D:3      | Paralysed by Grinder for 7 turns
  2838 | D:3      | Slain by Grinder

Skill      XL: |  1  2  3  4  5 |
---------------+----------------+-----
Dodging        | 2 |  2.7
Unarmed Combat | 4 |  4.4
Transmutations | 3 |  3.2
Spellcasting   | 3 |  3.0
Fighting       | |  1.4

Action                   |  1- 3 |  4- 6 || total
-------------------------+-------+-------++-------
Melee: Unarmed           |   131 |   148 ||   279
       Tailslap          |    11 |    22 ||    33
       Headbutt          |     5 |     8 ||    13
       Punch             |     3 |       ||     3
       Kick              |       |     3 ||     3
 Cast: Beastly Appendage |     4 |    10 ||    14
       Sticks to Snakes  |     3 |       ||     3
  Use: Scroll            |       |     1 ||     1
 Stab: Sleeping          |     2 |     2 ||     4
  Eat: Chunk             |     2 |     5 ||     7
Armor: Skin              |    47 |    40 ||    87
Dodge: Dodged            |    79 |    85 ||   164
